Nun, chaotic female human Monk ------ |....| --------------- |....+#### -------- #-.>*..........| |....|######################### ###.......| #|...%.........| |.....# ### ----------------# |......| #|.............| |....| |...............## |......-##%#-.............| -+--.- |............#.|# .......| #-----------.--- ## ...........<...+ --.-+--- # # # ## |..............| ## # # #### ---------------- # # ### ###### # ### # # ### # # ### # # ############ --|---.- ###########################`######## # --|-|----- |......| ###-+-+-------- # |........| |......| #............|G## |$$$$$%[+| |....(.| |...^.....%.@N############..$$$$$$$| |......| |..........^|W ------- -------- |......%....| ---------+--- Nun the Initiate Experience level: 8 Strength: 18 Dexterity: 15 Constitution: 16 Intelligence: 13 Wisdom: 12 Charisma: 10 Health: 0(75) Energy: 45(45) Def: 8 Gold: 11619 Moves: 17605 Dungeon seed: oHORj-49Dvhp-Re2 Game ID: Nun_1520426455 Your Inventory: Coins $ - 11619 gold pieces Amulets L - an uncursed amulet of ESP (being worn) Weapons m - an uncursed corroded +0 fauchard Armor e - an uncursed +2 pair of leather gloves (being worn) q - an uncursed very rusty +0 helmet (being worn) r - an uncursed +1 orcish cloak (being worn) z - a blessed rustproof +2 pair of iron shoes (being worn) Comestibles d - 8 uncursed food rations v - an uncursed partly eaten food ration Scrolls g - an uncursed scroll of food detection h - an uncursed scroll of scare monster n - a blessed scroll of genocide I - an uncursed scroll of identify Q - a cursed scroll of genocide Y - 5 uncursed scrolls of blank paper Potions f - an uncursed potion of polymorph i - an uncursed potion of invisibility w - an uncursed potion of full healing C - an uncursed potion of gain energy E - a blessed potion of polymorph M - 2 uncursed potions of levitation O - 2 uncursed potions of water R - a blessed potion of extra healing X - 2 uncursed potions of healing Rings b - a blessed +0 ring of increase accuracy c - an uncursed ring of regeneration j - an uncursed ring of levitation u - an uncursed ring of protection from shape changers x - an uncursed ring of sustain ability y - an uncursed ring of fire immunity (on left hand) D - an uncursed ring of shock immunity (on right hand) Wands a - an uncursed wand of digging (0:2) p - an uncursed wand of light (0:10) s - an uncursed wand of polymorph (0:0) N - an uncursed wand of magic missile (0:0) P - an uncursed wand of sleep (1:0) Tools k - an uncursed magic whistle G - an uncursed skeleton key J - an uncursed +0 unicorn horn K - an uncursed can of grease (0:17) V - an uncursed magic marker (1:13) Gems B - an uncursed luckstone Spells and supernatural/magical abilities: Spells marked with '*' are forgotten. Name Level Category Fail Memory a - force bolt 1 attack 80% 77% h - healing 1 healing 67% 80% i - invisibility 4 escape 100% 70% j - jumping 1 escape 80% 48% m - magic missile 2* attack 100% 0% n - detect monsters 1* divination 80% 0% r - remove curse 3 clerical 100% 98% z - sleep 1 enchantment 80% 18% K - cure sickness 3 healing 75% 77% M - magic mapping 5 divination 100% 96% U - detect unseen 3 divination 86% 77% W - pray for help -- divine ? -- Your skills at the end: Fighting Skills martial arts [Master] wands [Basic] Weapon Skills Spellcasting Skills healing spells [Basic] divination spells [Basic] Final Attributes: You were immune to fire. You were immune to sleep. You were immune to electricity. You were poison resistant. You saw invisible. You were telepathic. You were warned. You were invisible. You were stealthy. You were fast. You were very lucky. You had extra luck. Bad luck did not time out for you. Good luck did not time out for you. You last prayed 6169 turns ago. You are dead. Vanquished creatures: a purple worm a titanothere a vampire lord 2 shopkeepers an ettin a black pudding 4 ghosts a watch captain a healer a giant mimic a fire giant a flesh golem 2 large mimics a baby purple worm 2 long worms a stalker an earth elemental a water elemental 2 black nagas a xorn a giant zombie 3 sergeants 3 vrocks a warg 2 winter wolves 6 small mimics a glass piercer a warhorse a xan 2 quantum mechanics 9 trolls 3 wood golems an erinys 3 gelatinous cubes a pyrolisk a large dog 2 freezing spheres a flaming sphere 2 shocking spheres 2 tigers a dwarf king 2 tengu an ochre jelly a leocrotta an energy vortex a stone giant a pit viper a python 2 wraiths 4 leather golems 4 watchmen an incubus a crocodile 2 giant beetles 2 quivering blobs 3 cockatrices a wolf 6 winter wolf cubs a lynx 17 leprechauns 2 iron piercers 2 giant spiders 2 scorpions 2 horses an ice vortex 3 black lights 3 vampire bats a forest centaur 7 gnome kings an orc mummy a dwarf mummy a brown pudding 2 rust monsters 2 owlbears 2 gold golems 3 werewolves 3 lizards 3 chickatrices 3 dogs a housecat 2 dwarf lords 2 white unicorns 3 dust vortices 2 plains centaurs 2 gnome mummies a snake 2 water moccasins 6 apes 5 human zombies 7 soldier ants 2 fire ants 4 bugbears a wood nymph 4 water nymphs a mountain nymph 11 Mordor orcs 9 Uruk-hai 15 orc shamans 5 rock piercers 3 rock moles a woodchuck 2 ponies a fog cloud 3 yellow lights 2 shriekers a violet fungus 17 gnome lords 3 gnomish wizards a Kop Lieutenant a kobold mummy a gray ooze 4 elf zombies 3 ghouls 3 paper golems a giant ant 4 little dogs 3 floating eyes 3 kittens 20 dwarves 2 kobold lords 2 kobold shamans 10 hill orcs 12 rothes a centipede 2 giant bats 4 Kop Sergeants a monkey 11 orc zombies 5 dwarf zombies a wererat 4 iguanas 3 acid blobs 8 coyotes 6 hobbits 2 large kobolds 9 hobgoblins 8 giant rats 7 cave spiders a brown mold a yellow mold a green mold a red mold 52 gnomes 6 Keystone Kops 9 garter snakes 3 gnome zombies 4 geckos 5 jackals 3 foxes 3 kobolds 7 goblins a sewer rat 6 grid bugs 2 bats 9 lichens 2 kobold zombies 9 newts 555 creatures vanquished. Voluntary challenges: You had followed a strict vegetarian diet until turn 8373. You had been an atheist until turn 5073. You used a wielded weapon 5 times, starting on turn 138. You read items or engraved 130 times, starting on turn 121. You never genocided any monsters. You polymorphed 5 items, starting on turn 9685. You changed form 3 times, starting on turn 6056. You used no wishes. You never split a pudding. You wrote Elbereth's name 1 time, starting on turn 2076. You violated your moral code, losing 365 points of alignment, starting on turn 4807. Dungeon overview: The Dungeons of Doom: levels 1 to 22 Level 1 a long staircase Level 2 a general store, a fountain Level 3 a general store, a fountain Level 4 a delicatessen, a vault stairs to The Gnomish Mines Level 5 Level 6 a fountain, a vault Level 7 Level 8 a vault stairs to Sokoban Level 9 a fountain, a vault Level 10 a sink Level 11 a vault Level 12 a temple to Chih Sung-tzu, a fountain Level 13 a potion shop a magic portal Level 14 Level 15 a sink Level 16 a general store Level 17 Level 18 a fountain Level 19 (Balrog is waiting for me here) some fountains Level 20 a fountain Level 21 a vault Level 22 <- You were here a sink The Gnomish Mines: levels 5 to 12 Level 5 stairs to The Dungeons of Doom Level 6 Level 7 Level 8 many shops, a temple to Huan Ti Level 9 Level 10 Level 11 Level 12 many altars to Moloch Sokoban: levels 6 to 7 Level 6 Level 7 Solved stairs to The Dungeons of Doom History has recorded: On T:1 you entered the Dungeons of Doom to retrieve the Amulet of Yendor! On T:201 you reached level 2 of The Dungeons of Doom. On T:246 you advanced to experience level 2. On T:494 you reached level 3 of The Dungeons of Doom. On T:735 you reached level 4 of The Dungeons of Doom. On T:890 you advanced to experience level 3. On T:961 you advanced to experience level 4. On T:971 you advanced to experience level 5. On T:1104 you reached level 5 of The Dungeons of Doom. On T:1434 you reached level 6 of The Dungeons of Doom. On T:1519 you advanced to experience level 6. On T:1627 you reached level 7 of The Dungeons of Doom. On T:1958 you reached level 8 of The Dungeons of Doom. On T:2207 you advanced to experience level 7. On T:2914 you reached level 4 of Sokoban. On T:3105 you advanced to experience level 8. On T:3876 you reached level 3 of Sokoban. On T:4306 you reached level 1 of The Gnomish Mines. On T:4323 you reached level 2 of The Gnomish Mines. On T:4540 you reached level 3 of The Gnomish Mines. On T:4619 you reached level 4 of The Gnomish Mines. On T:5425 you advanced to experience level 9. On T:5809 you reached level 5 of The Gnomish Mines. On T:6123 you reached level 6 of The Gnomish Mines. On T:6270 you reached level 7 of The Gnomish Mines. On T:6680 you reached level 8 of The Gnomish Mines. On T:7633 you advanced to experience level 10. On T:10589 you reached level 9 of The Dungeons of Doom. On T:12207 you reached level 10 of The Dungeons of Doom. On T:12595 you reached level 11 of The Dungeons of Doom. On T:12791 you reached level 12 of The Dungeons of Doom. On T:13230 you reached level 13 of The Dungeons of Doom. On T:14105 you reached level 14 of The Dungeons of Doom. On T:14409 you reached level 15 of The Dungeons of Doom. On T:14845 you reached level 16 of The Dungeons of Doom. On T:15161 you reached level 17 of The Dungeons of Doom. On T:15540 you reached level 18 of The Dungeons of Doom. On T:16080 you reached level 19 of The Dungeons of Doom. On T:16294 you reached level 20 of The Dungeons of Doom. On T:16830 you reached level 21 of The Dungeons of Doom. On T:17176 you reached level 22 of The Dungeons of Doom. On T:17339 you advanced to experience level 11. Score breakdown: Gold: 11619 (13828 points) Experience: 8 levels (14739 points) Exploration: 22 levels ( 42.31%) (19250 points) Discoveries: 71 items ( 25.09%) (15026 points) Valuables value: (no points given unless you survive) Artifact value: 0 ( 0 points) Variety of kills: 157 monsters ( 41.32%) (19283 points) Turncount: 17605 turns (-3214 points) Survival: died (score multiplied by 80%) Total score: 63129 Latest messages: The barrow wight swings his long sword at you. The barrow wight hits! (2x) The guardian naga bites! The barrow wight swings his long sword at you. The barrow wight hits! (2x) The guardian naga bites! (2x) The barrow wight swings his long sword at you. The barrow wight hits! (2x) The guardian naga bites! The barrow wight swings his long sword at you. The barrow wight hits! Goodbye level 10. The barrow wight misses. The guardian naga bites! The barrow wight swings his long sword at you. The barrow wight hits! Goodbye level 9. You feel unfocused! You must have lost automatic searching. The barrow wight hits! You die... Your body rises from the dead as a wraith... Final status: Goodbye Nun the Monk, killed by a barrow wight, while paralyzed by a monster's touch... You died in The Dungeons of Doom on dungeon level 22 with 63129 points, and 11619 pieces of gold, after 17605 moves. You were level 8 with a maximum of 75 hit points when you died.